 Dungeon Crawl Stone Soup version 0.30-a0-341-g682706514a (webtiles) character file.

Game seed: 14499916652168599371

7758 IdlyInterested the Slicer (level 11, -2/70 HPs)
             Began as a Demonspawn Wanderer on Nov 4, 2022.
             Was a Believer of Hepliaklqana.
             Slain by a gargoyle
             ... wielding a +0 mace
              (19 damage)
             ... on level 10 of the Dungeon.
             The game lasted 00:49:15 (11503 turns).

IdlyInterested the Slicer (Demonspawn Wanderer)    Turns: 11503, Time: 00:49:16

Health: -2/70      AC:  9    Str: 12    XL:     11   Next: 1%
Magic:  18/18      EV: 14    Int: 18    God:    Hepliaklqana [**....]
Gold:   705        SH:  5    Dex: 16    Spells: 16/20 levels left

rFire   + . .      SeeInvis .    n - +5 dagger "Axunomm" {vorpal, Int+3}
rCold   + . .      Faith    .    (no shield)
rNeg    . . .      Spirit   .    w - +0 steam dragon scales
rPois   +          Reflect  +    u - +0 helmet
rElec   .          Harm     .    (cloak unavailable)
rCorr   .          Rampage  .    R - +0 pair of gloves
Will    .....                    J - +0 pair of boots {rF+}
Stlth   +++.......               L - amulet of reflection
HPRegen 0.31/turn                j - ring of poison resistance
MPRegen 0.16/turn                t - ring of protection from cold

@: no status effects
A: reduced essence, sharp scales 1, demonic magic 2, weakness stinger 3
a: Renounce Religion, Recall Ancestor, Ancestor Identity


You were on level 10 of the Dungeon.
You worshipped Hepliaklqana.
Hepliaklqana was pleased with you.
You visited 2 branches of the dungeon, and saw 11 of its levels.
You also visited: Bailey.

You collected 866 gold pieces.
You spent 161 gold pieces at shops.

Inventory:

Hand Weapons
 n - the +5 dagger "Axunomm" (weapon) {vorpal, Int+3}
   (You found it on level 3 of the Dungeon)

   It inflicts extra damage upon your enemies.
   Int:       It affects your intelligence (+3).
 s - the +0 war axe of Seubo {vorpal, rF- rN+++ Str-2 Dex+4}
   (You found it on level 4 of the Dungeon)

   It inflicts extra damage upon your enemies.
   Str:       It affects your strength (-2).
   Dex:       It affects your dexterity (+4).
   rF:        It makes you vulnerable to fire.
   rN:        It renders you almost immune to negative energy.
 P - a +2 rapier of speed
Missiles
 d - 3 throwing nets
 A - 23 boomerangs
 F - 17 poisoned darts
 S - 2 curare-tipped darts
Armour
 b - a +0 kite shield
 i - a +2 pair of boots
 u - a +0 helmet (worn)
 w - +0 steam dragon scales (worn)
 G - a +0 pair of boots of flying
 J - a +0 pair of boots of fire resistance (worn)
 R - a +0 pair of gloves (worn)
Magical Staves
 a - a staff of cold
Jewellery
 f - a ring of resist corrosion
 j - a ring of poison resistance (left hand)
 t - a ring of protection from cold (right hand)
 v - an amulet of regeneration
 L - an amulet of reflection (around neck)
 M - a ring of magical power
 N - a ring of fire
 O - a ring of protection from cold
Wands
 e - a wand of roots (18)
 C - a wand of digging (8)
 E - a wand of flame (15)
 I - a wand of polymorph (5)
 T - a wand of mindburst (33)
Scrolls
 c - 4 scrolls of fog
 p - a scroll of fear
 q - a scroll of brand weapon
 y - 7 scrolls of teleportation
Potions
 g - 3 potions of brilliance
 h - a potion of cancellation
 k - 2 potions of haste
 l - 2 potions of might {unknown}
 m - 2 potions of lignification
 o - 5 potions of curing
 r - a potion of resistance {unknown}
 x - 3 potions of magic
 z - 5 potions of flight
 B - a potion of heal wounds
 D - a potion of attraction {unknown}
 H - a potion of mutation


   Skills:
 * Level 4.4 Fighting
 + Level 9.9 Short Blades
 - Level 5.0 Dodging
 - Level 5.0 Stealth
 - Level 5.0 Spellcasting
 + Level 9.7 Hexes
 - Level 2.0 Evocations


You had 16 spell levels left.
You knew the following spells:

 Your Spells              Type           Power      Damage    Failure   Level
a - Slow                  Hex            100%       N/A       1%          1
b - Summon Guardian Gole  Hex/Summ       22%        N/A       5%          3

Your spell library contained the following spells:

 Spells                   Type           Power      Damage    Failure   Level
 Inner Flame              Hex/Fire       22%        N/A       5%          3
 Beastly Appendage        Tmut           8%         N/A       13%         1
 Sandblast                Erth           8%         2d5       13%         1
 Summon Small Mammal      Summ           16%        N/A       13%         1
 Blink                    Tloc           8%         N/A       21%         2
 Momentum Strike          Conj/Tloc      8%         3d8       21%         2
 Passwall                 Tmut/Erth      3%         N/A       21%         2
 Scorch                   Fire           8%         2d5       21%         2
 Sublimation of Blood     Necr           4%         N/A       21%         2
 Wereblood                Tmut           4%         N/A       21%         2
 Call Canine Familiar     Summ           4%         N/A       36%         3
 Lesser Beckoning         Tloc           8%         N/A       36%         3
 Spider Form              Tmut/Pois      4%         N/A       36%         3
 Stone Arrow              Conj/Erth      8%         3d7       36%         3
 Sticky Flame             Conj/Fire      4%         2d3       78%         4
 Starburst                Conj/Fire      2%         6d3       100%        6
 Summon Hydra             Summ           2%         N/A       100%        7
 Ignition                 Fire           2%         3d3       100%        8


Dungeon Overview and Level Annotations

Branches:
Dungeon (10/15)            Temple (1/1) D:7            Lair (0/5) D:8
 Bailey (visited)
    Orc: D:9-12

Altars:
Ashenzari
Cheibriados
Dithmenos
Fedhas
Gozag
Hepliaklqana
Kikubaaqudgha
Makhleb
Nemelex Xobeh
Okawaru
Qazlal
Ru
Sif Muna
Trog
Uskayaw
Vehumet
Wu Jian
Xom
Yredelemnul

Shops:
D:6 *


Innate Abilities, Weirdness & Mutations

Your life essence is reduced to manifest your ancestor. (-10% HP)
You are partially covered in razor-sharp scales. (AC +1, Slay +1)
Spells you cast may paralyse nearby enemies.
You have a sharp stinger which inflicts weakening toxins.


Message History

Xiuhtonal hits the gargoyle but does no damage.
You block the gargoyle's attack.
You barely miss the gargoyle.
You tail-slap the gargoyle, but do no damage.
The gargoyle is lightly damaged.
Xiuhtonal gestures at the gargoyle while chanting.
The gargoyle seems to slow down.
You hit the gargoyle but do no damage.
The gargoyle is lightly damaged.
You hit the gargoyle but do no damage.
The gargoyle is lightly damaged.
Xiuhtonal points at the gargoyle and mumbles some strange words.
The gargoyle seems to slow down.
The gargoyle hurls a stone arrow at you.
The stone arrow misses you.
You hit the gargoyle but do no damage.
The gargoyle is lightly damaged.
You hit the gargoyle.
The gargoyle is lightly damaged.
Xiuhtonal closely misses the gargoyle.
You hit the gargoyle but do no damage.
The gargoyle is lightly damaged.
Xiuhtonal hits the gargoyle but does no damage.
You hit the gargoyle but do no damage.
The gargoyle is lightly damaged.
The gargoyle hurls a stone arrow at you.
The stone arrow hits you!!
* * * LOW HITPOINT WARNING * * *
Xiuhtonal hits the gargoyle but does no damage.
You hit the gargoyle.
The gargoyle is moderately damaged.
Xiuhtonal closely misses the gargoyle.
You hit the gargoyle but do no damage.
Your tail-slap misses the gargoyle.
The gargoyle is moderately damaged.
Xiuhtonal gestures at the gargoyle while chanting.
The gargoyle easily resists.
You hit the gargoyle but do no damage.
The gargoyle is moderately damaged.
The gargoyle hits you with a +0 mace!!
You die...

<........# #.....
.รท.......# #.....
.....###.# #.....
##...###.# #.....
##......# #..... #..##..#
#..... #..###.# ####### ##
#..... ##.## #.#
#.....##.# #..... ##.##
#.# #.#@#)#.#.## ##.....
#.## #.#
#..9R[)..#.###...... .##
#.# #.#.###.###.#R#.....
## #.# ...#.....#
##.##..... #
#.###################.....
#.........................
##########.###............
#................
####.............


You could see the friendly Xiuhtonal the hexer and a gargoyle (slow, ally
target).

Vanquished Creatures
  A cyclops (D:9)
  4 hornets
  Grinder (D:5)
  A shadow (D:10)
  A wyvern (D:9)
  A vampire (D:10)
  A yak (D:10)
  A wraith (D:10)
  A steam dragon (D:6)
  2 water moccasins
  An ice beast (D:6)
  A sky beast (D:7)
  2 black bears
  7 orc warriors
  5 ogres
  8 centaurs
  2 phantoms
  4 bullfrogs
  2 gnoll sergeants
  2 kobold brigands
  A necrophage (D:4)
  4 scorpions
  6 wights
  4 killer bees (D:9)
  A howler monkey (D:5)
  2 hounds
  2 jellies
  A gnoll bouda (D:7)
  Terence (D:2)
  3 orc wizards
  4 iguanas
  2 adders
  16 gnolls
  A shadow imp (D:5)
  A white imp (D:6)
  An ufetubus (D:6)
  2 worms (D:2)
  A dart slug (D:3)
  17 orcs
  9 endoplasms
  A giant cockroach (D:2)
  9 goblins
  7 hobgoblins
  4 jackals
  7 quokkas
  12 ball pythons
  4 bats
  3 frilled lizards
  21 kobolds
  9 rats
204 creatures vanquished.

Vanquished Creatures (collateral kills)
  A wyvern (D:9)
  2 yaks (D:10)
  2 orc warriors
  A killer bee (D:9)
  An orc wizard (D:10)
  A gnoll (D:10)
  A white imp (D:8)
  2 orcs
  4 kobolds (Bailey)
15 creatures vanquished.

Vanquished Creatures (others)
  An orc knight (D:10)
  An ancestor (Bailey)
  4 orcs
  2 kobolds
8 creatures vanquished.

Grand Total: 227 creatures vanquished

Notes
Turn   | Place    | Note
-------+----------+-------------------------------------------
     0 | D:1      | IdlyInterested the Demonspawn Wanderer began the quest for
                  | the Orb.
     0 | D:1      | IdlyInterested set off with the following items: a +0
                  | dagger, 4 throwing nets, a scroll of fog, a potion of
                  | lignification, a +0 leather armour; and the following spell
                  | memorised: Slow; and the following spells available to
                  | memorise: Inner Flame.
     0 | D:1      | Reached XP level 1. HP: 15/15 MP: 2/2
   451 | D:1      | Gained mutation: Spells you cast may paralyse adjacent
                  | enemies. [demonic ancestry]
   451 | D:1      | Reached XP level 2. HP: 14/21 MP: 3/3
   680 | D:1      | Reached skill level 5 in Dodging
   697 | D:1      | HP: 1/21 [frozen (4)]
  1387 | D:2      | Gained mutation: You have a small tail. [demonic ancestry]
  1387 | D:2      | Reached XP level 3. HP: 8/27 MP: 4/4
  1776 | D:2      | Reached skill level 1 in Short Blades
  2046 | D:2      | Noticed Terence
  2100 | D:2      | Killed Terence
  2101 | D:2      | Reached XP level 4. HP: 7/33 MP: 0/5
  2748 | D:3      | Gained mutation: You have a tail ending in a sharp stinger.
                  | [demonic ancestry]
  2748 | D:3      | Reached XP level 5. HP: 32/38 MP: 6/6
  2773 | D:3      | Identified the +5 dagger "Axunomm" {vorpal, Int+3}
  2855 | D:3      | Noticed a black bear
  2865 | D:3      | Killed a black bear
  3563 | D:4      | Identified the +0 war axe of Seubo {vorpal, rF- rN+++ Str-2
                  | Dex+4}
  3579 | D:4      | Noticed a phantom
  3600 | D:4      | Killed a phantom
  3601 | D:4      | Reached XP level 6. HP: 37/44 MP: 6/9
  4020 | D:4      | Found a snail-covered altar of Cheibriados.
  4217 | D:4      | Found a basalt altar of Yredelemnul.
  4219 | D:4      | Noticed a profane servitor
  4238 | D:4      | Noticed an angel
  4534 | D:5      | Entered Level 5 of the Dungeon
  4541 | D:5      | Gained mutation: You are partially covered in razor-sharp
                  | scales. (AC +1, Slay +1) [demonic ancestry]
  4541 | D:5      | Reached XP level 7. HP: 45/50 MP: 9/11
  4621 | D:5      | Found an opulent altar of Gozag.
  4621 | D:5      | Found a radiant altar of Vehumet.
  4690 | D:5      | Reached skill level 1 in Stealth
  4765 | D:5      | Reached skill level 5 in Hexes
  4776 | D:5      | Reached skill level 5 in Short Blades
  4776 | D:5      | Gained mutation: Spells you cast may paralyse nearby
                  | enemies. [demonic ancestry]
  4776 | D:5      | Reached XP level 8. HP: 27/56 MP: 12/12
  4953 | D:5      | Noticed Grinder
  4960 | D:5      | Killed Grinder
  5035 | D:5      | Found a blossoming altar of Fedhas.
  5867 | D:6      | Gained mutation: You have a sharp stinger which inflicts
                  | weakening toxins. [demonic ancestry]
  5867 | D:6      | Reached XP level 9. HP: 36/63 MP: 11/13
  5917 | D:6      | Learned a level 3 spell: Summon Guardian Golem
  5980 | D:6      | Found Addexugh's Fire Supplies.
  6400 | D:6      | Bought a +0 pair of boots of fire resistance for 161 gold
                  | pieces
  7259 | D:7      | Found a staircase to the Ecumenical Temple.
  7268 | Temple   | Entered the Ecumenical Temple
  7524 | Temple   | Became a worshipper of Hepliaklqana the Forgotten
  8000 | D:7      | Found a sparkling altar of Nemelex Xobeh.
  8404 | D:8      | Found a staircase to the Lair.
  8608 | D:8      | Reached * piety under Hepliaklqana
  8962 | D:9      | Noticed a cyclops
  8970 | D:9      | Killed a cyclops
  8971 | D:9      | Reached XP level 10. HP: 27/63 MP: 12/16
  9011 | D:9      | Found an ornate altar of the Wu Jian Council.
  9027 | D:9      | HP: 3/63 [killer bee (4)]
  9037 | D:9      | Found a hide-covered altar of Uskayaw.
  9037 | D:9      | Noticed a +0 hand axe
  9038 | D:9      | Noticed a +0 dagger
  9083 | D:9      | Found a flagged portal.
  9096 | Bailey   | Entered a bailey
  9300 | Bailey   | Reached skill level 5 in Stealth
  9445 | Bailey   | Got the Essays on Conflagration
 10377 | D:10     | Entered Level 10 of the Dungeon
 10460 | D:10     | Reached ** piety under Hepliaklqana
 10461 | D:10     | Remembered your ancestor Xiuhtonal as a hexer
 11044 | D:10     | Found a broken altar of Ashenzari.
 11343 | D:10     | Noticed an orc knight
 11347 | D:10     | Reached skill level 5 in Spellcasting
 11379 | D:10     | Killed an orc knight
 11380 | D:10     | Reached XP level 11. HP: 15/70 MP: 14/18
 11503 | D:10     | Slain by a gargoyle

Illustrated notes

Levels and vault maps discovered:
D:1:      psy_arrival_whirlpool, layout_loops_corners, minmay_close_crescents
D:2:      layout_loops_cross, uniq_terence
D:3:      minmay_skewed_foursquare, layout_loops_cross, minmay_door_square,
          corexii_shack, chequers_serial_rivers_small_b,
          hangedman_decor_slide_cut
D:4:      layout_cave_pools, grunt_temple_overflow_holy_war,
          cheibriados_altar_1, palyth_stone_intersect
D:5:      minmay_general_purpose_star, layout_cave_pools,
          overflow_temple_1_default, overflow_temple_1_default,
          vehumet_crystals, grunt_ministairs_12, uniq_grinder
D:6:      layout_basic, nicolae_shop_fire_sale [nicolae_sub_dead_trees]
D:7:      layout_layer_cave, nemelex_diamond_rough_becter, temple_fountains,
          fountainhead
D:8:      layout_basic, lair_entry_dummy
D:9:      layout_cross, overflow_temple_1_default, dancing_weapons_uskayaw,
          nicolae_elyvilon_peaceful_grove, enter_bailey_6, serial_gnoll_camp,
          minmay_misc_feat_enclosed, corner_web_ring
D:10:     minmay_the_grid_square_5x5_3x3 [minmay_the_grid_square_5x5_minimal,
          minmay_the_grid_square_5x5_meh, minmay_the_grid_square_5x5_minibox,
          minmay_the_grid_square_5x5_bite,
          minmay_the_grid_square_5x5_megaprize_crossed,
          minmay_the_grid_square_5x5_six, minmay_the_grid_square_5x5_n_small,
          minmay_the_grid_square_5x5_comb, minmay_the_grid_square_5x5_fat_x],
          layout_layer_cave, ashenzari_altar_1
Temple:   nicolae_temple_bog_church

Skill      XL: |  1  2  3  4  5  6  7  8  9 10 |
---------------+-------------------------------+-----
Dodging        | 5 |  5.0
Fighting       | 2 3 4 |  4.4
Short Blades   | 1 2 3 5 7 9 |  9.9
Hexes          | 2 3 4 5 6 7 9 |  9.7
Spellcasting   | 2 3 4 5 |  5.0
Stealth        | 2 3 4 5 |  5.0
Evocations     | |  2.0

Action                   |  1- 3 |  4- 6 |  7- 9 | 10-12 || total
-------------------------+-------+-------+-------+-------++-------
Melee: Dagger            |    97 |    90 |   260 |   205 ||   652
       Short sword       |   126 |    69 |       |       ||   195
       Tailslap          |    15 |    13 |    27 |    34 ||    89
       Punch             |       |     1 |     4 |     3 ||     8
Throw: Throwing net      |     5 |       |       |       ||     5
       Boomerang         |       |       |     1 |       ||     1
 Cast: Slow              |    10 |    15 |    30 |    18 ||    73
       Summon Guardian G |       |       |     2 |     7 ||     9
Invok: Ancestor Life: He |       |       |       |     1 ||     1
  Use: Scroll            |     5 |     2 |     5 |     3 ||    15
       Potion            |     1 |     1 |     3 |     1 ||     6
 Stab: Sleeping          |     1 |     4 |     8 |       ||    13
       Paralysed         |    10 |     8 |    20 |    15 ||    53
       Held in net/web   |     2 |       |       |       ||     2
       Confused          |       |       |       |     2 ||     2
Armor: Leather armour    |    33 |    44 |     5 |       ||    82
       Skin              |     6 |       |       |       ||     6
       Chain mail        |       |     2 |    40 |       ||    42
       Steam dragon scal |       |       |    32 |    39 ||    71
Dodge: Dodged            |   129 |    71 |   124 |    99 ||   423
Block: Other             |       |       |    13 |    28 ||    41
       Reflection        |       |       |     3 |     5 ||     8

Table legend: (Time is in decaauts)
 A = Elapsed time spent in this place.
 B = Non-inter-level travel time spent in this place.
 C = Inter-level travel time spent in this place.
 D = Time resting spent in this place.
 E = Time spent auto-exploring this place.
 F = Levels seen in this place.
 G = Mean time per level.
                   A        B        C        D        E       F      G
               +--------+--------+--------+--------+--------+-----+--------+
         Total |  11321 |   9809 |   1512 |   1054 |   5997 |  12 |  943.4 |
       Dungeon |  10481 |   9060 |   1421 |    926 |   5658 |  10 | 1048.1 |
        Temple |    280 |    190 |     90 |      0 |    179 |   1 |  280.0 |
        Bailey |    559 |    559 |      0 |    128 |    159 |   1 |  559.0 |
               +--------+--------+--------+--------+--------+-----+--------+

Top non-repeatable levels by time:
     D:7: 1467 daAuts
     D:1: 1395 daAuts
     D:3: 1187 daAuts
     D:2: 1091 daAuts
     D:4: 1003 daAuts
    D:10: 967 daAuts
     D:9: 919 daAuts
     D:6: 903 daAuts
     D:5: 901 daAuts
     D:8: 647 daAuts
  Bailey: 559 daAuts
  Temple: 280 daAuts
